 Dungeon Crawl Stone Soup version 0.21.1-1-g345015f (webtiles) character file.

156 Goblin1989 the Insei (level 5, -6/37 HPs)
             Began as a Demonspawn Transmuter on Mar 2, 2018.
             Was a Believer of Vehumet.
             Mangled by an ogre
             ... wielding a +0 giant spiked club
              (29 damage)
             ... on level 3 of the Dungeon.
             The game lasted 00:08:40 (3553 turns).

Goblin1989 the Insei (Demonspawn Transmuter)        Turns: 3553, Time: 00:08:42

Health: -6/37      AC:  2    Str: 10    XL:     5   Next: 15%
Magic:  0/9        EV: 12    Int: 16    God:    Vehumet [**....]
Gold:   194        SH:  0    Dex: 13    Spells: 5/9 levels left

rFire    . . .     SeeInvis .   w - +3 dagger (elec)
rCold    . . .     Gourm    .   (no shield)
rNeg     . . .     Faith    .   b - +0 robe
rPois    .         Spirit   +   (no helmet)
rElec    .         Reflect  .   (no cloak)
rCorr    .         Harm     .   (no gloves)
MR       .....                  (no boots)
Stlth    +.........             (no amulet)
HPRegen  0.12/turn              (no ring)
MPRegen  0.11/turn              (no ring)

@: very slightly contaminated
A: magic shield
a: Renounce Religion


You were on level 3 of the Dungeon.
You worshipped Vehumet.
Vehumet was pleased with you.
You were not hungry.

You visited 1 branch of the dungeon, and saw 3 of its levels.

You collected 194 gold pieces.

Inventory:

Hand Weapons
 w - a +3 dagger of electrocution (weapon)
Missiles
 a - 81 arrows
 r - 128 stones (quivered)
 y - 18 sling bullets
Armour
 b - a +0 robe (worn)
 h - a +0 ring mail
 k - a +0 ring mail of fire resistance
 B - a +0 pair of gloves
Jewellery
 Y - an uncursed ring of see invisible {unknown}
Scrolls
 f - a scroll of teleportation {unknown}
 j - a scroll of blinking {unknown}
 l - 3 scrolls of noise {unknown}
 n - 4 scrolls of remove curse {unknown}
 o - a scroll of magic mapping {unknown}
 q - 3 scrolls of identify {unknown}
 t - a scroll of random uselessness {unknown}
 u - 2 scrolls of enchant weapon {unknown}
Potions
 x - a potion of heal wounds {unknown}
 A - a potion of curing {unknown}
Books
 c - a book of Changes

   Spells                             Type                      Level
   a - Beastly Appendage              Transmutation                1
   b - Sticks to Snakes               Transmutation                2
   c - Spider Form                    Transmutation/Poison         3
   d - Ice Form                       Ice/Transmutation            4
   e - Blade Hands                    Transmutation                5
Comestibles
 e - 5 rations


   Skills:
 - Level 1.4 Fighting
 + Level 0.8 Short Blades
 - Level 2.0 Dodging
 - Level 3.1 Unarmed Combat
 + Level 2.9 Spellcasting
 - Level 2.0 Transmutations
 * Level 2.7 Ice Magic


You had 5 spell levels left.
You knew the following spells:

 Your Spells              Type           Power        Failure   Level  Hunger
a - Freeze                Ice            ##..         6%          1    #......
b - Sticks to Snakes      Tmut           #.......     12%         2    ##.....
c - Beastly Appendage     Tmut           #.....       9%          1    #......


Dungeon Overview and Level Annotations

Branches:
Dungeon (3/15)

Altars:
Fedhas
Vehumet
The Shining One


Innate Abilities, Weirdness & Mutations

When hurt, damage is shared between your health and your magic reserves.


Message History

Aim: a worker ant (almost dead)
You freeze the worker ant.
You kill the worker ant!
Vehumet accepts your kill.
You feel your power returning.
You have reached level 5!
You regained 4 hp, and now have 26/37 hp.
You feel sick.
You feel sick.
You feel sick.
You feel sick.
You feel sick.
You feel sick.
You feel sick.
You feel sick.
You feel sick.
You are no longer poisoned.
You are feeling hungry.
MP restored: 9 You butcher the worker ant corpse.
X - a chunk of flesh Health restored: 37 Eating a chunk of flesh.
You eat the chunk of flesh.
This raw flesh tastes terrible.
An ogre comes into view. It is wielding a giant spiked club.
The ogre shouts!
An ogre is nearby!
An ogre is nearby!
Casting: Freeze
Confirm with . or Enter, or press ? or * to list all spells.
You miscast Beastly Appendage.
You are very lightly contaminated with residual magic.
Waves of light ripple over your body.
You now have 8/9 mp.
Throwing (i - inventory. (,) - cycle):
r - 128 stones (quivered)
Press: ? - help, Shift-Dir - straight line, f - ogre
Aim: an ogre, wielding a giant spiked club
Okay, then.
Quiver which item? (- for none, * to show all) (? for menu, Esc to quit)
Quivering
Z - 2 throwing nets {!d} for throwing.
Throwing (i - inventory. (,) - cycle):
Z - 2 throwing nets (quivered)
{!d}
Press: ? - help, Shift-Dir - straight line, f - ogre
Aim: an ogre, wielding a giant spiked club You throw a throwing net {!d}.
The throwing net {!d} barely misses the ogre.
The ogre hits you with a giant spiked club!
You take 14 damage, and have 23/37 hp.
MASSIVE DAMAGE!!
You now have 6/9 mp.
Throwing (i - inventory. (,) - cycle):
Z - a throwing net (quivered)
{!d}
Press: ? - help, Shift-Dir - straight line, f/p - ogre
Aim: an ogre, wielding a giant spiked club You throw a throwing net {!d}.
The throwing net {!d} hits the ogre.
The ogre is caught in the net!
Casting: Beastly Appendage
Confirm with . or Enter, or press ? or * to list all spells.
Aiming: Freeze
Press: ? - help, Shift-Dir - straight line, f/p - ogre
Aim: an ogre, wielding a giant spiked club (entangled in a net)
You freeze the ogre.
The ogre is lightly wounded.
The ogre struggles against the net.
You now have 5/9 mp.
Casting: Freeze
Confirm with . or Enter, or press ? or * to list all spells.
Aiming: Freeze
Press: ? - help, Shift-Dir - straight line, f/p - ogre
Aim: an ogre, wielding a giant spiked club (lightly wounded, entangled in a net)
You freeze the ogre.
The ogre is moderately wounded.
The ogre struggles against the net.
You now have 4/9 mp.
Casting: Freeze
Confirm with . or Enter, or press ? or * to list all spells.
Aiming: Freeze
Press: ? - help, Shift-Dir - straight line, f/p - ogre
Aim: an ogre, wielding a giant spiked club (moderately wounded, entangled in a net)
You freeze the ogre.
The ogre is heavily wounded.
The ogre struggles against the net.
You now have 3/9 mp.
Casting: Freeze
Confirm with . or Enter, or press ? or * to list all spells.
Aiming: Freeze
Press: ? - help, Shift-Dir - straight line, f/p - ogre
Aim: an ogre, wielding a giant spiked club (heavily wounded, entangled in a net)
You freeze the ogre.
The ogre is severely wounded.
The ogre struggles against the net.
You now have 2/9 mp.
Casting: Freeze
Confirm with . or Enter, or press ? or * to list all spells.
Aiming: Freeze
Press: ? - help, Shift-Dir - straight line, f/p - ogre
Aim: an ogre, wielding a giant spiked club (severely wounded, entangled in a net)
You freeze the ogre.
The ogre is almost dead.
The ogre struggles against the net.
The net rips apart, and the ogre comes free!
The ogre hits you with a giant spiked club!!
Ouch! That really hurt!
You die... .███...███████████. .......█ █..█..██ ███ █..█..█ █(. ██....█ █.█ ██..████████ █.█ ██........█ █.█ █..▲█.......█ █O█

.█..██......████@████
⌂.█. ███....█.......█
.█..██......█..█.█..█
█..██.......█>.█.█..█
.██........█..█.█..█
██...████.██..█.█..█
██....████.██..█.█..█
█..........██.......█
███
█..█.██...██████.████
█(.


You could see an ogre.

Vanquished Creatures
  2 worker ants (D:3)
  2 adders
  3 gnolls (D:3)
  4 dart slugs
  2 orcs (D:3)
  5 goblins
  6 hobgoblins
  A quokka (D:2)
  3 ball pythons
  10 bats
  2 frilled lizards (D:1)
  10 kobolds
  10 rats
60 creatures vanquished.

Notes
Turn   | Place    | Note
-------+----------+-------------------------------------------
     0 | D:1      | Goblin1989 the Demonspawn Transmuter began the quest for the Orb.
     0 | D:1      | Reached XP level 1. HP: 15/15 MP: 3/3
   580 | D:1      | Gained mutation: When hurt, damage is shared between your health and your magic reserves. [demonic ancestry]
   580 | D:1      | Reached XP level 2. HP: 18/21 MP: 5/5
   650 | D:1      | Reached skill level 3 in Unarmed Combat
   981 | D:1      | Learned a level 2 spell: Sticks to Snakes
  1056 | D:2      | Found a faded altar of an unknown god.
  1078 | D:2      | Became a worshipper of Vehumet
  1078 | D:2      | Reached * piety under Vehumet
  1078 | D:2      | Offered knowledge of Freeze by Vehumet.
  1081 | D:2      | Learned a level 1 spell: Freeze
  1173 | D:2      | Reached XP level 3. HP: 21/26 MP: 2/6
  1259 | D:2      | Reached skill level 1 in Ice Magic
  1462 | D:2      | Found a blossoming altar of Fedhas.
  2372 | D:3      | Reached XP level 4. HP: 19/32 MP: 7/7
  3012 | D:3      | Reached ** piety under Vehumet
  3012 | D:3      | Offered knowledge of Magic Dart by Vehumet.
  3256 | D:3      | Found a glowing golden altar of the Shining One.
  3373 | D:3      | Reached XP level 5. HP: 26/37 MP: 2/9
  3543 | D:3      | Noticed an ogre
  3553 | D:3      | Mangled by an ogre

Skill      XL: |  1  2  3 |
---------------+----------+-----
Unarmed Combat | 3 |  3.1
Dodging        | 2 |  2.0
Transmutations | 2 |  2.0
Ice Magic      | 2 |  2.7
Fighting       | |  1.4
Short Blades   | |  0.8
Spellcasting   | |  2.9

Action                   |  1- 3 |  4- 6 || total
-------------------------+-------+-------++-------
Melee: Unarmed           |   156 |    10 ||   166
       Kick              |     6 |       ||     6
       Punch             |     4 |     1 ||     5
       Dagger            |       |    45 ||    45
Throw: Throwing net      |       |     2 ||     2
 Cast: Beastly Appendage |     7 |       ||     7
       Freeze            |    12 |    18 ||    30
  Use: Potion            |     2 |       ||     2
 Stab: Sleeping          |     4 |       ||     4
  Eat: Chunk             |     4 |     5 ||     9
Armor: Robe              |    45 |    13 ||    58
Dodge: Dodged            |   111 |    43 ||   154

Vault maps used:
D:1:      eino_arrival_water_star
D:2:      fedhas_altar_3, chequers_ecumenical_altar_simple_redux
D:3:      kennysheep_six_static_rooms, tso_metal_star, uniq_purgy
